 Dungeon Crawl Stone Soup version 0.29-a0-40-g8eb35efe60 (webtiles) character file.

Game seed: 3506847370779234834

662 funkygono the Firebug (level 7, -4/37 HPs)
             Began as a Gargoyle Fire Elementalist on Feb 1, 2022.
             Was an Initiate of Vehumet.
             Slain by an orc warrior (14 damage)
             ... on level 4 of the Dungeon.
             The game lasted 00:07:28 (4099 turns).

funkygono the Firebug (Gargoyle Fire Elementalist)  Turns: 4099, Time: 00:07:29

Health: -4/37      AC:  7    Str: 11    XL:     7   Next: 56%
Magic:  0/13       EV: 12    Int: 18    God:    Vehumet [......]
Gold:   93         SH:  0    Dex: 10    Spells: 4/14 levels left

rFire   . . .      SeeInvis .   m - +0 mace
rCold   . . .      Faith    .   (no shield)
rNeg    + . .      Spirit   .   a - +0 robe
rPois   ∞          Reflect  .   (no helmet)
rElec   +          Harm     .   (no cloak)
rCorr   .          Rampage  .   p - +0 pair of gloves
Will    .....                   (no boots)
Stlth   ++........              (no amulet)
HPRegen 0.12/turn               (no ring)
MPRegen 0.13/turn               (no ring)

@: no status effects
A: sickness immunity, AC +4, negative energy resistance 1, electricity
resistance, torment resistance 1, petrification resistance
a: Renounce Religion


You were on level 4 of the Dungeon.
You worshipped Vehumet.
Vehumet was noncommittal.
You visited 1 branch of the dungeon, and saw 4 of its levels.

You collected 93 gold pieces.

Inventory:

Hand Weapons
 h - a +3 short sword
 m - a +0 mace (weapon)
 n - a +0 whip
Missiles
 e - 65 stones
Armour
 a - a +0 robe (worn)
 c - a +0 leather armour
 p - a +0 pair of gloves (worn)
Magical Staves
 b - a staff of death
Potions
 d - 2 potions of brilliance
 f - a potion of ambrosia
 g - 2 potions of mutation {unknown}
 k - a potion of berserk rage
 l - 3 potions of curing
 o - a potion of heal wounds


   Skills:
 + Level 0.5 Fighting
 + Level 0.1 Short Blades
 + Level 1.8 Dodging
 - Level 2.1 Stealth
 * Level 4.4 Spellcasting
 * Level 3.1 Conjurations
 * Level 6.5 Fire Magic


You had 4 spell levels left.
You knew the following spells:

 Your Spells              Type           Power      Damage    Failure   Level
a - Foxfire               Conj/Fire      84%        2x1d8     1%          1
b - Scorch                Fire           54%        2d8       1%          2
c - Conjure Flame         Conj/Fire      21%        6-21      6%          3
d - Flame Wave            Conj/Fire      21%        2d7       19%         4

Your spell library contained the following spells:

 Spells                   Type           Power      Damage    Failure   Level
 Inner Flame              Hex/Fire       15%        N/A       11%         3
 Summon Small Mammal      Summ           16%        N/A       14%         1


Dungeon Overview and Level Annotations

Branches:
Dungeon (4/15)
 Temple: D:4-7

Altars:
Kikubaaqudgha
Sif Muna
Vehumet


Innate Abilities, Weirdness & Mutations

You are immune to sickness and miasma.
Your stone body is resilient. (AC +4)
You are immune to poison.
You resist negative energy. (rN+)
You are resistant to electric shocks. (rElec)
You are resistant to unholy torment.
You are immune to petrification.


Message History

The orc warrior hits you with a +0 short sword.
Casting: Scorch (safe; 1% risk of failure)
Confirm with . or Enter, or press ? or * to list all spells.
You conjure some foxfire!
The orc warrior hits you with a +0 short sword.
Unknown command.
You barely miss the orc warrior.
The orc warrior is moderately wounded.
The foxfire hits the orc warrior but does no damage.
The orc warrior is moderately wounded.
The foxfire hits the orc warrior.
The orc warrior is heavily wounded.
The orc warrior hits you but does no damage.
You barely miss the orc warrior.
The orc warrior is heavily wounded.
The orc warrior misses you.
The orc warrior hits you with a +0 short sword.
You hit the orc warrior but do no damage.
The orc warrior is heavily wounded.
The orc warrior hits you with a +0 short sword.
You hit the orc warrior but do no damage.
The orc warrior is heavily wounded.
The orc warrior hits you with a +0 short sword.
* * * LOW HITPOINT WARNING * * *
You barely miss the orc warrior.
The orc warrior is heavily wounded.
The orc warrior barely misses you. x2
Casting: Foxfire (safe; 1% risk of failure)
Confirm with . or Enter, or press ? or * to list all spells.
You conjure some foxfire!
The orc warrior barely misses you.
Casting: Foxfire (safe; 1% risk of failure)
Confirm with . or Enter, or press ? or * to list all spells.
You don't have enough magic to cast this spell.
Unknown command.
The foxfire hits the orc warrior.
The orc warrior is severely wounded.
The foxfire hits the orc warrior.
The orc warrior is almost dead.
The orc warrior hits you with a +0 short sword!
You die...

#...##...#### #...#...##..
....'...# .# ....#...##.#
########### ....#...#.####
#..........# ....#...##.#.##
###..........#.. ....#...#.#.#.##
.##..........#..
....##########.##§##..........#..
....##..#.#.#.##@§##..........+..
....>..........o.###..........#..
........########## #.##+###'###..
....##..†.#......###.#...........
......†).)..........P.....#......
...≈≈≈)≈≈≈≈≈≈≈≈≈≈≈≈≈≈≈....#......
...≈≈≈≈≈≈≈≈≈≈≈≈≈≈≈≈≈≈≈....#...)..
...≈≈≈≈≈≈≈≈≈≈≈≈#####≈≈....#......
...............#gg.#≈≈....####...


You could see an orc warrior.

Vanquished Creatures
  2 yaks (D:3)
  A bullfrog (D:4)
  An orc priest (D:3)
  2 iguanas (D:4)
  Jessica (D:2)
  Natasha (twice) (D:2)
  Terence (D:2)
  2 gnolls (D:4)
  5 adders
  2 worms
  A dart slug (D:1)
  8 orcs (D:3)
  2 endoplasms
  A giant cockroach (D:3)
  2 goblins
  6 hobgoblins
  4 jackals (D:4)
  2 quokkas (D:2)
  5 ball pythons
  2 bats
  2 frilled lizards (D:2)
  4 kobolds
  6 rats
  A spectral hobgoblin (D:2)
65 creatures vanquished.

Vanquished Creatures (others)
  238 foxfires
238 creatures vanquished.

Grand Total: 303 creatures vanquished

Notes
Turn   | Place    | Note
-------+----------+-------------------------------------------
     0 | D:1      | funkygono the Gargoyle Fire Elementalist began the quest
                  | for the Orb.
     0 | D:1      | Reached XP level 1. HP: 10/10 MP: 3/3
   508 | D:1      | You fall into a shaft and drop 1 floor!
   590 | D:2      | Reached XP level 2. HP: 15/15 MP: 1/5
   647 | D:2      | Learned a level 2 spell: Scorch
   678 | D:2      | Found a faded altar of an unknown god.
   864 | D:2      | Noticed Terence
  1009 | D:2      | Reached XP level 3. HP: 19/19 MP: 0/6
  1013 | D:2      | Learned a level 3 spell: Conjure Flame
  1138 | D:2      | Killed Terence
  1139 | D:2      | Reached skill level 4 in Fire Magic
  1139 | D:2      | Reached XP level 4. HP: 24/24 MP: 0/7
  1286 | D:2      | Noticed Jessica
  1291 | D:2      | Killed Jessica
  1508 | D:2      | Noticed Natasha
  1523 | D:2      | Killed Natasha
  1524 | D:2      | Reached skill level 5 in Fire Magic
  1524 | D:2      | Reached XP level 5. HP: 25/28 MP: 0/8
  1670 | D:2      | Noticed Natasha
  1678 | D:2      | Killed Natasha
  2580 | D:3      | Found an ancient bone altar of Kikubaaqudgha.
  2589 | D:3      | Found a shimmering blue altar of Sif Muna.
  2591 | D:3      | Found a radiant altar of Vehumet.
  2596 | D:3      | Got Sif Muna's Compendium of the Escort
  2604 | D:3      | Became a worshipper of Vehumet
  2969 | D:4      | Reached XP level 6. HP: 32/32 MP: 2/10
  3096 | D:4      | Noticed a yak
  3105 | D:4      | Noticed a yak
  3107 | D:4      | Noticed a yak
  3109 | D:4      | Noticed a yak
  3128 | D:3      | HP: 1/32 [yak (11)]
  3136 | D:3      | Killed a yak
  3517 | D:3      | Killed a yak
  3518 | D:3      | Reached skill level 6 in Fire Magic
  3518 | D:3      | Reached XP level 7. HP: 3/37 MP: 0/13
  3523 | D:3      | Learned a level 4 spell: Flame Wave
  4099 | D:4      | Slain by an orc warrior

Illustrated notes

Levels and vault maps discovered:
D:1:      amcnicky_arrival_single_pillar, layout_loops_ring, glass_columns_b,
          chequers_mini_garden, chequers_serial_rivers_micro_c
D:2:      layout_loops_cross, dreamdust_ecumenical_altar_drowned_temple,
          minmay_tetromino_s4, uniq_natasha, uniq_jessica, uniq_terence
D:3:      layout_loops_cross, grunt_temple_overflow_magic_moments
D:4:      lemuel_castle_with_subvaults [lemuel_castle_interior_carwin_3],
          layout_gridville, nicolae_overflow_hidden_temple,
          hangedman_decor_growths, minmay_small_thing, uniq_menkaure

Skill      XL: |  1  2  3  4  5  6 |
---------------+-------------------+-----
Fire Magic     | 4 5 6 |  6.5
Spellcasting   | 3 4 |  4.4
Conjurations   | 2 3 |  3.1
Fighting       | |  0.5
Short Blades   | |  0.1
Dodging        | |  1.8
Stealth        | |  2.1

Action                   |  1- 3 |  4- 6 |  7- 9 || total
-------------------------+-------+-------+-------++-------
Melee: Unarmed           |     1 |       |       ||     1
       Short sword       |     1 |     8 |       ||     9
       Punch             |       |     1 |       ||     1
       Mace              |       |     9 |     5 ||    14
 Cast: Foxfire           |    33 |    87 |    23 ||   143
       Scorch            |     1 |    11 |     9 ||    21
  Use: Scroll            |       |     7 |       ||     7
Armor: Robe              |     1 |    15 |     3 ||    19
Dodge: Dodged            |     5 |    27 |     7 ||    39

Table legend: (Time is in decaauts)
 A = Elapsed time spent in this place.
 B = Non-inter-level travel time spent in this place.
 C = Inter-level travel time spent in this place.
 D = Time resting spent in this place.
 E = Time spent auto-exploring this place.
 F = Levels seen in this place.
 G = Mean time per level.
                   A        B        C        D        E       F      G
               +--------+--------+--------+--------+--------+-----+--------+
         Total |   4121 |   4060 |     61 |    490 |   2817 |   4 | 1030.2 |
       Dungeon |   4121 |   4060 |     61 |    490 |   2817 |   4 | 1030.2 |
               +--------+--------+--------+--------+--------+-----+--------+

Top non-repeatable levels by time:
     D:3: 1796 daAuts
     D:2: 1119 daAuts
     D:1: 743 daAuts
     D:4: 461 daAuts
